 Dungeon Crawl Stone Soup version 0.30-a0-989-g0d87f670db (webtiles) character file.

Game seed: 4177117598353769826

210 jtron the Trooper (level 5, -6/43 HPs)
             Began as a Barachi Monk on Apr 3, 2023.
             Mangled by Pikel
             ... wielding a +1 whip of electrocution
              (8 damage)
             ... on level 4 of the Dungeon.
             The game lasted 00:06:23 (3469 turns).

jtron the Trooper (Barachi Monk)                    Turns: 3469, Time: 00:06:23

Health: -6/43      AC:  4    Str: 14    XL:     5   Next: 87%
Magic:  5/5        EV: 13    Int: 10    God:
Gold:   91         SH:  4    Dex: 15    Spells: 4/4 levels left

rFire   . . .      SeeInvis .    a - +0 hand axe
rCold   . . .      Faith    .    h - +1 buckler
rNeg    . . .      Spirit   .    q - +0 robe
rPois   .          Reflect  .    i - +1 helmet
rElec   .          Rampage  .    (no cloak)
rCorr   +                        (no gloves)
Will    .....                    (no boots)
Stlth   ++                       (no amulet)
HPRegen 0.27/turn                f - ring of resist corrosion
MPRegen 0.09/turn                (no ring)

@: mighty, brilliant, slow
A: amphibious, slowness 1, strong legs 1, +LOS
a: Hop


You were on level 4 of the Dungeon.
You visited 1 branch of the dungeon, and saw 4 of its levels.

You collected 91 gold pieces.

Inventory:

Hand Weapons
 a - a +0 hand axe (weapon)
 b - a +1 sling
 k - a +1 short sword of speed
Missiles
 e - 39 stones (quivered)
Armour
 h - a +1 buckler (worn)
 i - a +1 helmet (worn)
 q - a +0 robe (worn)
Magical Staves
 m - a staff of fire
Jewellery
 f - a ring of resist corrosion (left hand)
Wands
 t - a wand of polymorph (6)
Scrolls
 d - a scroll of identify
 l - a scroll of teleportation
 r - 2 scrolls of amnesia
Potions
 g - a potion of flight {unknown}
 j - a potion of curing {unknown}
 u - a potion of cancellation


   Skills:
 + Level 4.8 Fighting
 + Level 4.4 Axes
 + Level 3.0 Ranged Weapons
 + Level 0.1 Throwing
 + Level 3.8 Dodging
 + Level 2.3 Stealth


You had 4 spell levels left.
You didn't know any spells.
Your spell library contained the following spells:

 Spells                   Type           Power      Damage    Failure   Level
 Ensorcelled Hibernation  Hex/Ice        0%         N/A       61%         2
 Passwall                 Tmut/Erth      0%         N/A       61%         2
 Ignite Poison            Fire/Tmut/Pois 0%         N/A       83%         3
 Kindle Blastsparks       Fire/Tloc/Air  0%         2d10      83%         3
 Stone Arrow              Conj/Erth      0%         3d7       83%         3
 Swiftness                Air            0%         N/A       83%         3
 Animate Armour           Summ/Erth      0%         N/A       99%         4
 Freezing Cloud           Conj/Ice/Air   0%         6-21      100%        5
 Lehudib's Crystal Spear  Conj/Erth      0%         10d2      100%        8


Dungeon Overview and Level Annotations

Branches:
Dungeon (4/15)
 Temple: D:4-7

Altars:

Shops:
D:3 =

Annotations:
D:3 3 runed translucent doors, jimonade's ghost, amateur HOMo
D:4 Pikel


Innate Abilities, Weirdness & Mutations

You are amphibious.
You cover ground slowly.
You can hop short distances.
You have an extended range of vision and can be seen from far away.


Message History

Pikel barely misses you.
It was a potion of brilliance.
You feel clever all of a sudden.
Pikel hits you with a +1 whip of electrocution.
It was a potion of might.
You feel very mighty all of a sudden.
Pikel hits you with a +1 whip of electrocution.
* * * LOW HITPOINT WARNING * * *
You slash Pikel!
Pikel is moderately wounded.
Pikel misses you.
You closely miss Pikel.
Pikel is moderately wounded.
Pikel closely misses you.
You hit Pikel.
Pikel is heavily wounded.
Pikel cracks his whip.
Pikel barely misses you.
You barely miss Pikel.
Pikel is heavily wounded.
Pikel closely misses you.
You closely miss Pikel.
Pikel is heavily wounded.
Pikel hits you with a +1 whip of electrocution.
* * * LOW HITPOINT WARNING * * *
You closely miss Pikel.
Pikel is heavily wounded.
Pikel hits you with a +1 whip of electrocution!
* * * LOW HITPOINT WARNING * * *
You miss Pikel.
Pikel is heavily wounded.
Pikel hits you with a +1 whip of electrocution.
* * * LOW HITPOINT WARNING * * *
You barely miss Pikel.
Pikel is heavily wounded.
Pikel misses you. Pikel closely misses you.
You slash Pikel!
Pikel is almost dead.
Pikel hits you with a +1 whip of electrocution!
You die...

..# ##.#.......#..#
..#
#########.#..####...##
).#
#.........##.##....##
..#
#.##########....#.##
..# #55.5...>.###.#
..# #5######### #.#
..# #5# #.# ###
#######K# #.#
#......@######### #.#
#.#.............# #.#
#.###########.# #.# #
#.# #.# #.# #.# #.#
#.### #.# #...#
########.#####.#
.......).......#


You could see Pikel and 4 lemures.

Vanquished Creatures
  A jelly (D:4)
  A hound (D:4)
  A mummy (D:4)
  6 adders
  An ufetubus (D:4)
  A worm (D:3)
  A dart slug (D:4)
  2 orcs (D:4)
  9 ball pythons
  3 endoplasms
  3 giant cockroaches
  11 goblins
  6 hobgoblins
  3 jackals (D:1)
  A quokka (D:3)
  3 bats
  7 frilled lizards
  2 hobgoblin zombies (D:4)
  8 kobolds
  2 kobold zombies (D:4)
  3 rats
75 creatures vanquished.

Notes
Turn   | Place    | Note
-------+----------+-------------------------------------------
     0 | D:1      | jtron the Barachi Monk began the quest for the Orb.
     0 | D:1      | Reached XP level 1. HP: 18/18 MP: 1/1
   244 | D:1      | Reached XP level 2. HP: 25/25 MP: 2/2
   525 | D:1      | Found a faded altar of an unknown god.
   726 | D:1      | Reached XP level 3. HP: 30/30 MP: 3/3
  1276 | D:2      | Reached XP level 4. HP: 19/38 MP: 4/4
  1484 | D:3      | Found a runed translucent gate.
  1486 | D:3      | Found a runed translucent gate.
  1487 | D:3      | Found a runed translucent gate.
  1489 | D:3      | Noticed jimonade's ghost (amateur HOMo)
  1893 | D:3      | Reached skill level 1 in Ranged Weapons
  2001 | D:3      | Found Jugg's Jewellery Shop.
  2242 | D:4      | Reached XP level 5. HP: 25/43 MP: 5/5
  2577 | D:4      | Noticed Pikel
  2577 | D:4      | Noticed a lemure
  2577 | D:4      | Noticed a lemure
  2577 | D:4      | Noticed a lemure
  3451 | D:4      | Noticed a lemure
  3467 | D:4      | HP: 1/43 [Pikel/+1 whip of electrocution (4)]
  3469 | D:4      | Mangled by Pikel

Illustrated notes

Levels and vault maps discovered:
D:1:      grunt_arrival_lava_bath, layout_basic,
          shapermc_ecumenical_altar_mp_ritualfount, hangedman_decor_growths
D:2:      layout_rooms
D:3:      layout_basic, gammafunk_ghost_split, serial_shops, shop
D:4:      layout_basic, minmay_mini_ossuary, uniq_pikel

Skill      XL: |  1  2  3  4  5 |
---------------+----------------+-----
Fighting       | 4 |  4.8
Stealth        | 2 |  2.3
Axes           | 4 |  4.4
Ranged Weapons | 1 3 |  3.0
Throwing       | |  0.1
Dodging        | |  3.8

Action                     |  1- 3 |  4- 6 || total
---------------------------+-------+-------++-------
  Melee: Hand axe          |   109 |    70 ||   179
   Fire: Sling             |    12 |   119 ||   131
  Throw: Stone             |     4 |       ||     4
    Use: Potion            |     1 |     3 ||     4
         Scroll            |       |    15 ||    15
   Stab: Sleeping          |     6 |       ||     6
 Armour: Robe              |    18 |    17 ||    35
  Dodge: Dodged            |    76 |    80 ||   156
  Block: Buckler           |    12 |    16 ||    28

Table legend: (Time is in decaauts)
 A = Elapsed time spent in this place.
 B = Non-inter-level travel time spent in this place.
 C = Inter-level travel time spent in this place.
 D = Time resting spent in this place.
 E = Time spent auto-exploring this place.
 F = Levels seen in this place.
 G = Mean time per level.
                   A        B        C        D        E       F      G
               +--------+--------+--------+--------+--------+-----+--------+
         Total |   3979 |   3871 |    108 |    242 |   2824 |   4 |  994.8 |
       Dungeon |   3979 |   3871 |    108 |    242 |   2824 |   4 |  994.8 |
               +--------+--------+--------+--------+--------+-----+--------+

Top non-repeatable levels by time:
     D:4: 1320 daAuts
     D:1: 1138 daAuts
     D:3: 941 daAuts
     D:2: 579 daAuts
